 Dungeon Crawl Stone Soup version 0.21-a0-265-gb353147 (webtiles) character file.

404 stricken the Cutter (level 7, -2/44 HPs)
             Began as a Kobold Berserker on Sept 11, 2017.
             Was a Believer of Trog.
             Slain by Grinder (6 damage)
             ... on level 3 of the Dungeon.
             The game lasted 00:05:55 (3714 turns).

stricken the Cutter (Kobold Berserker)              Turns: 3714, Time: 00:05:55

Health: -2/44      AC:  5    Str: 16    XL:     7   Next: 12%
Magic:  7/7        EV: 15    Int:  8    God:    Trog [**....]
Gold:   78         SH:  5    Dex: 15    Spells: 6/6 levels left

rFire    . . .     SeeInvis .   a - +0 short sword
rCold    . . .     Gourm    .   (shield restricted)
rNeg     . . .     Faith    .   b - +0 animal skin
rPois    .         Spirit   .   (no helmet)
rElec    .         Reflect  +   (no cloak)
rCorr    .         Harm     .   (no gloves)
MR       ++...                  (no boots)
Stlth    +++.......             q - +5 amulet of reflection
HPRegen  1.14/turn              h - +3 ring of protection
MPRegen  0.10/turn              n - ring of wizardry

@: lethally poisoned (-2 -> -2), berserk cooldown, very slightly contaminated,
regenerating, slowed, invisible, very slow
A: carnivore 3
a: Berserk, Trog's Hand, Burn Spellbooks, Renounce Religion


You were on level 3 of the Dungeon.
You worshipped Trog.
Trog was pleased with you.
You were not hungry.

You visited 1 branch of the dungeon, and saw 4 of its levels.

You collected 78 gold pieces.

Inventory:

Hand Weapons
 a - a +0 short sword (weapon)
Missiles
 i - 35 stones (quivered)
Armour
 b - a +0 animal skin (worn)
 k - a +0 leather armour
Jewellery
 h - a +3 ring of protection (left hand)
 n - a ring of wizardry (right hand)
 q - a +5 amulet of reflection (around neck)
Scrolls
 d - 3 scrolls of enchant weapon {unknown}
 e - 3 scrolls of identify {unknown}
 g - 3 scrolls of teleportation {unknown}
 j - a scroll of fear {unknown}
Comestibles
 c - a meat ration


   Skills:
 + Level 4.5 Fighting
 + Level 7.2 Short Blades
 - Level 1.5 Armour
 - Level 2.4 Dodging
 * Level 5.6 Stealth


You had 6 spell levels left.
You didn't know any spells.

Dungeon Overview and Level Annotations

Branches:
Dungeon (4/15)
 Temple: D:4-7

Altars:
Cheibriados
Nemelex Xobeh

Annotations:
D:3 Grinder


Innate Abilities, Weirdness & Mutations

You are small and have problems with some larger weapons.
You are carnivorous and can eat meat at any time.


Message History

You aren't carrying any items that you can evoke.
Unknown command.
Unknown command.
Grinder gestures at you. You resist with almost no effort.
You block the adder's attack.
Unknown command.
Unknown command.
You hit Grinder.
Grinder is almost dead.
Grinder blinks!
Unknown command.
You feel sick. You block the adder's attack.
Unknown command.
Unknown command.
You hit Grinder but do no damage.
Grinder is almost dead.
The adder bites you but does no damage. Grinder hits you.
* * * LOW HITPOINT WARNING * * *
You writhe in agony.
You die...

######### #.....#
#.# # ####'## #.# #
#.# #+# # #.# # #.#
# .#######.#
.........#
........5#######...
#####
.........@Sb...'...
.[...
......##########...
##### ...... .#####


You could see Grinder, an adder and a bat.

Vanquished Creatures
  Sigmund (D:3)
  A bullfrog (D:4)
  Terence (D:3)
  5 adders
  4 gnolls (D:3)
  An ooze (D:2)
  2 worms (D:2)
  2 dart slugs (D:1)
  A leopard gecko (D:2)
  An orc (D:3)
  7 giant cockroaches
  9 goblins
  5 hobgoblins
  6 kobolds
  A quokka (D:3)
  A ball python (D:1)
  5 bats
  3 frilled lizards
  13 rats
69 creatures vanquished.

Notes
Turn   | Place    | Note
-------+----------+-------------------------------------------
     0 | D:1      | stricken the Kobold Berserker began the quest for the Orb.
     0 | D:1      | Reached XP level 1. HP: 14/14 MP: 1/1
   195 | D:1      | Reached skill level 1 in Stealth
   195 | D:1      | Reached XP level 2. HP: 15/19 MP: 2/2
   590 | D:1      | Reached XP level 3. HP: 23/23 MP: 3/3
   698 | D:1      | Reached ** piety under Trog
   768 | D:1      | Reached skill level 5 in Short Blades
  1283 | D:2      | Found a snail-covered altar of Cheibriados.
  1313 | D:2      | Found a sparkling altar of Nemelex Xobeh.
  1353 | D:2      | Reached XP level 4. HP: 25/29 MP: 4/4
  2779 | D:3      | Reached XP level 5. HP: 33/33 MP: 5/5
  2783 | D:3      | Reached skill level 6 in Short Blades
  2981 | D:3      | Noticed Sigmund
  3150 | D:4      | Noticed a bullfrog
  3158 | D:4      | Killed a bullfrog
  3158 | D:4      | Reached XP level 6. HP: 38/38 MP: 6/6
  3278 | D:3      | Killed Sigmund
  3278 | D:3      | Reached skill level 7 in Short Blades
  3278 | D:3      | Reached skill level 5 in Stealth
  3278 | D:3      | Reached XP level 7. HP: 29/44 MP: 7/7
  3522 | D:3      | Noticed Terence
  3538 | D:3      | Killed Terence
  3683 | D:3      | Noticed Grinder
  3696 | D:3      | Paralysed by Grinder for 7 turns
  3709 | D:3      | HP: 2/44 [poisoned by an adder]
  3714 | D:3      | Slain by Grinder

Vault maps used:
D:1:      erik_arrival_orb_chamber
D:2:      grunt_temple_overflow_open
D:3:      uniq_crazy_yiuf_cottage, uniq_terence, uniq_grinder, uniq_sigmund
D:4:      wad_crossroads, kennysheep_okawaru_gauntlet, uniq_duvessa

Skill      XL: |  1  2  3  4  5  6 |
---------------+-------------------+-----
Stealth        | 1 3 4 5 |  5.6
Short Blades   | 5 6 7 |  7.2
Fighting       | 4 |  4.5
Armour         | |  1.5
Dodging        | |  2.4

Action                   |  1- 3 |  4- 6 |  7- 9 || total
-------------------------+-------+-------+-------++-------
Melee: Short sword       |   119 |   109 |    35 ||   263
Invok: Berserk           |     3 |     5 |     2 ||    10
       Trog's Hand       |       |       |     1 ||     1
  Use: Potion            |       |     5 |     1 ||     6
 Stab: Sleeping          |     2 |     2 |     1 ||     5
       Invisible         |       |     2 |       ||     2
  Eat: Chunk             |    12 |     8 |       ||    20
Armor: Animal skin       |    18 |    33 |    14 ||    65
Dodge: Dodged            |    82 |   101 |    20 ||   203
Block: Other             |       |    18 |    14 ||    32

Table legend:
 A = Spawn XP
 B = Non-spawn XP
 C = Spawn XP percentage of total XP
 D = Spawn monster count
 E = Non-spawn monster count
 F = Spawn count percentage of total count
 G = Total turns spent on level
                    A         B        C        D         E        F      G
               +---------+---------+-------+---------+---------+-------+---------
         Total |       0 |     578 |   0.0 |       0 |      69 |   0.0 |  3714
               +---------+---------+-------+---------+---------+-------+---------
           D:1 |       0 |      49 |   0.0 |       0 |      31 |   0.0 |  1123
           D:2 |       0 |      66 |   0.0 |       0 |      19 |   0.0 |  1346
           D:3 |       0 |     360 |   0.0 |       0 |      17 |   0.0 |  1049
           D:4 |       0 |     103 |   0.0 |       0 |       2 |   0.0 |   196
               +---------+---------+-------+---------+---------+-------+---------
